 Dungeon Crawl Stone Soup version 0.29.1-13-g9f3cf754e1 (webtiles) character file.

Game seed: 7849229380004609062

290 Saba the Shooter (level 6, 0/39 HPs)
             Began as a Gargoyle Hunter on Feb 8, 2023.
             Slain by a lemure (2 damage)
             ... led by Pikel
             ... on level 4 of the Dungeon.
             The game lasted 00:05:01 (2351 turns).

Saba the Shooter (Gargoyle Hunter)                  Turns: 2351, Time: 00:05:01

Health: 0/39       AC:  7    Str: 21    XL:     6   Next: 32%
Magic:  6/6        EV: 12    Int:  9    God:
Gold:   119        SH:  0    Dex: 15    Spells: 5/5 levels left

rFire   . . .      SeeInvis +   a - +0 shortbow
rCold   . . .      Faith    .   (shield currently unavailable)
rNeg    + . .      Spirit   .   c - +0 leather armour
rPois   ∞          Reflect  .   (no helmet)
rElec   +          Harm     .   (no cloak)
rCorr   .          Rampage  .   (no gloves)
Will    +....                   (no boots)
Stlth   ++........              s - amulet of magic regeneration
HPRegen 0.00/turn               e - ring of see invisible
MPRegen 0.50/turn               l - +6 ring of strength

@: inhibited regen
A: sickness immunity, AC +4, negative energy resistance 1, electricity
resistance, torment resistance 1, petrification resistance, strong-willed 1,
inhibited regeneration, inability to drink after injury 1
a: no special abilities


You were on level 4 of the Dungeon.
You visited 1 branch of the dungeon, and saw 4 of its levels.

You collected 119 gold pieces.

Inventory:

Hand Weapons
 a - a +0 shortbow (weapon)
 f - a +0 rapier
Missiles
 q - 2 throwing nets
Armour
 c - a +0 leather armour (worn)
 g - a +0 cloak
Jewellery
 e - a ring of see invisible (left hand)
 k - a ring of wizardry
 l - a +6 ring of strength (right hand)
 s - an amulet of magic regeneration (around neck)
Scrolls
 b - a scroll of immolation
 d - a scroll of identify
 j - a scroll of blinking
 r - a scroll of summoning {unknown}
Potions
 h - 2 potions of curing
 m - a potion of heal wounds
 o - a potion of invisibility {unknown}
 p - a potion of might {unknown}


   Skills:
 + Level 4.3 Fighting
 * Level 6.5 Ranged Weapons
 - Level 1.5 Dodging
 - Level 1.1 Stealth


You had 5 spell levels left.
You didn't know any spells.
Your spell library contained the following spells:

 Spells                   Type           Power      Damage    Failure   Level
 Slow                     Hex            0%         N/A       43%         1
 Confusing Touch          Hex            0%         N/A       80%         3
 Frozen Ramparts          Ice            0%         1d1       80%         3
 Vampiric Draining        Necr           0%         2d6       80%         3
 Ice Form                 Ice/Tmut       0%         N/A       99%         4
 Summon Ice Beast         Ice/Summ       0%         N/A       99%         4


Dungeon Overview and Level Annotations

Branches:
Dungeon (3/15)             Temple (0/1) D:4

Altars:

Shops:
D:2 [

Annotations:
D:4 Dowan, Duvessa, Pikel


Innate Abilities, Weirdness & Mutations

You are immune to sickness and miasma.
Your stone body is resilient. (AC +4)
You are immune to poison.
You resist negative energy. (rN+)
You are resistant to electric shocks. (rElec)
You are resistant to unholy torment.
You are immune to petrification.
You are strong-willed. (Will+)
You do not regenerate when monsters are visible.
You occasionally lose the ability to drink potions when taking damage.


Message History

You see here a +0 cloak.
g - a +0 cloak Pikel cracks his whip.
The lemure completely misses you. The hobgoblin barely misses you.
The hobgoblin attacks as you move away! The hobgoblin misses you.
The lemure attacks as you move away! The lemure closely misses you.
The hobgoblin attacks as you move away!
The hobgoblin hits you but does no damage.
A jackal comes into view.
The jackal barks!
You hear a bark!
The jackal moves out of view.
You hear a shout!
A jackal comes into view.
A jackal comes into view. x2
The hobgoblin closely misses you. The lemure hits you.
The jackal moves out of view.
Dowan, Brother of Duvessa comes into view.
He is wielding a +0 dagger.
The lemure hits you.
Okay, then.
As you read the scroll labelled ESOSOHIUTI, it crumbles to dust.
It is a scroll of identify.
j - a scroll of blinking The lemure hits you!
You feel threatened and lose the ability to drink potions!
* * * LOW HITPOINT WARNING * * *
A worm comes into view.
The lemure closely misses you. The lemure hits you.
* * * LOW HITPOINT WARNING * * *
Duvessa, Sister of Dowan comes into view.
She is wielding a +0 short sword and wearing a +2 leather armour of willpower.
You can drink potions again.
As you read the scroll labelled IHAOXY EKKOTI, it crumbles to dust.
You hear a loud clanging noise!
It was a scroll of noise.
You hear an angry hiss.
You hear a bark!
The lemure hits you but does no damage.
The air fills with toxic fumes!
As you read the scroll labelled PAUPSY HOATH, it crumbles to dust.
It was a scroll of poison.
The lemure hits you.
You die...

#..###...###....#
#e.5§§§§....#
#h.5§§§.....#
##h#§e§.....#
#K##5§.....#
#.##h###.#.#
#.##5# #.#.#
########
#.#####§##5###§#.#
#.......
#..§§w§§g5@§§§§#.#
#.######
##############§#.#
#.# #o#.###.#
#.......# #
#.#.##########
...#.. ..... ###
### ####


You could see Duvessa, 4 lemures, a worm, a jackal and a hobgoblin.

Vanquished Creatures
  Eustachio (D:4)
  Natasha (thrice) (D:2)
  An adder (D:2)
  4 worms
  2 dart slugs (D:2)
  6 endoplasms
  5 giant cockroaches
  3 goblins
  2 hobgoblins
  3 jackals (D:2)
  6 kobolds
  A quokka (D:2)
  7 ball pythons
  3 bats
  3 frilled lizards
  A rat (D:1)
51 creatures vanquished.

Notes
Turn   | Place    | Note
-------+----------+-------------------------------------------
     0 | D:1      | Saba the Gargoyle Hunter began the quest for the Orb.
     0 | D:1      | Reached XP level 1. HP: 12/12 MP: 1/1
   393 | D:1      | Reached XP level 2. HP: 18/18 MP: 2/2
   965 | D:2      | Reached XP level 3. HP: 22/22 MP: 3/3
  1233 | D:2      | Noticed Natasha
  1238 | D:2      | Killed Natasha
  1239 | D:2      | Reached skill level 5 in Ranged Weapons
  1239 | D:2      | Reached XP level 4. HP: 24/28 MP: 4/4
  1322 | D:2      | Found Qyoxkod's Armour Boutique.
  1531 | D:2      | Noticed Natasha
  1543 | D:2      | Killed Natasha
  1669 | D:2      | Noticed Natasha
  1676 | D:2      | Killed Natasha
  1677 | D:2      | Reached XP level 5. HP: 29/32 MP: 5/5
  1807 | D:2      | Found a faded altar of an unknown god.
  2114 | D:3      | You fall into a shaft and drop 1 floor!
  2214 | D:4      | Noticed Eustachio
  2268 | D:4      | Gained mutation: You occasionally lose the ability to drink
                  | potions when taking damage. [potion of mutation]
  2268 | D:4      | Gained mutation: You do not regenerate when monsters are
                  | visible. [potion of mutation]
  2268 | D:4      | Gained mutation: You are strong-willed. (Will+) [potion of
                  | mutation]
  2281 | D:4      | Killed Eustachio
  2282 | D:4      | Reached skill level 6 in Ranged Weapons
  2282 | D:4      | Reached XP level 6. HP: 18/39 MP: 6/6
  2326 | D:4      | Noticed Pikel
  2330 | D:4      | Found a staircase to the Ecumenical Temple.
  2339 | D:4      | Noticed Dowan
  2348 | D:4      | Noticed Duvessa
  2351 | D:4      | Slain by a lemure

Illustrated notes

Levels and vault maps discovered:
D:1:      elethiomel_arrival_infinity_welcomes_careful_drivers,
          layout_loops_ring
D:2:      minmay_recursive_quarters, layout_rooms, serial_shops,
          nicolae_shop_waterfront, hellmonk_ecumenical_altar_dog_temple,
          uniq_natasha
D:3:      layout_basic, serial_shops, nicolae_shop_hallway_stairs,
          minmay_misc_feat_plants
D:4:      layout_loops_ring, minmay_temple_entry_junction,
          gup_sewer_entry_bubbles, uniq_duvessa, uniq_eustachio, uniq_pikel

Skill      XL: |  1  2  3  4  5 |
---------------+----------------+-----
Fighting       | 3 4 |  4.3
Ranged Weapons | 5 6 |  6.5
Dodging        | |  1.5
Stealth        | |  1.1

Action                   |  1- 3 |  4- 6 || total
-------------------------+-------+-------++-------
 Fire: Shortbow          |    96 |   121 ||   217
  Use: Potion            |       |     4 ||     4
       Scroll            |       |     3 ||     3
Armor: Leather armour    |    22 |    56 ||    78
Dodge: Dodged            |    33 |   100 ||   133
